 Dungeon Crawl Stone Soup version 0.21-a0-404-g291f19a (webtiles) character file.

299 drevant the Distorting Demonspawn (level 6, -2/48 HPs)
             Began as a Demonspawn Abyssal Knight on Oct 27, 2017.
             Was a Believer of Lugonu.
             Slain by an orc priest
             ... wielding a +0 flail
              (7 damage)
             ... on level 4 of the Dungeon.
             The game lasted 00:06:55 (3976 turns).

drevant the Distorting Demonspawn (DsAK)            Turns: 3976, Time: 00:06:55

Health: -2/48      AC:  6    Str: 14    XL:     6   Next: 13%
Magic:  9/9        EV: 10    Int: 13    God:    Lugonu [**....]
Gold:   200        SH:  0    Dex: 13    Spells: 5/5 levels left

rFire    . . .     SeeInvis .   x - +2 hand axe (chop)
rCold    . . .     Gourm    .   (no shield)
rNeg     . . .     Faith    .   s - +0 ring mail
rPois    .         Spirit   .   (helmet restricted)
rElec    .         Reflect  .   m - +0 cloak
rCorr    +         Harm     .   (no gloves)
MR       .....                  (no boots)
Stlth    +.........             (no amulet)
HPRegen  0.16/turn              u - ring of resist corrosion
MPRegen  0.11/turn              (no ring)

@: no status effects
A: antennae 1, claws 1, talons 1
a: Depart the Abyss, Bend Space, Renounce Religion


You were on level 4 of the Dungeon.
You worshipped Lugonu.
Lugonu was pleased with you.
You were not hungry.

You visited 1 branch of the dungeon, and saw 4 of its levels.
You visited the Abyss 1 time.

You collected 200 gold pieces.

Inventory:

Hand Weapons
 a - a +1 hand axe
 x - a +2 hand axe of chopping (weapon)
Missiles
 e - 4 curare-tipped needles
 j - 21 poisoned needles
 y - 135 stones (quivered)
Armour
 b - a +0 leather armour
 m - a +0 cloak (worn)
 s - a +0 ring mail (worn)
 A - a +2 buckler of reflection
Jewellery
 u - a ring of resist corrosion (left claw)
Scrolls
 d - a scroll of vulnerability {unknown}
 h - a scroll of immolation {unknown}
 i - a scroll of noise {unknown}
 k - 3 scrolls of recharging {unknown}
 l - a scroll of magic mapping {unknown}
 n - 2 scrolls of identify {unknown}
 t - 2 scrolls of amnesia {unknown}
 v - a scroll of remove curse {unknown}
 z - a scroll of fog {unknown}
Potions
 f - 2 potions of cancellation {unknown}
 p - a potion of magic {unknown}
Comestibles
 c - 2 bread rations
 g - a fruit
 r - 2 meat rations


   Skills:
 + Level 4.1 Fighting
 * Level 4.2 Axes
 - Level 2.1 Armour
 - Level 1.3 Dodging
 + Level 4.5 Invocations


You had 5 spell levels left.
You didn't know any spells.

Dungeon Overview and Level Annotations

Branches:
Dungeon (4/15)
 Temple: D:4-7

Altars:
Makhleb
Trog


Innate Abilities, Weirdness & Mutations

You have a pair of small antennae on your head.
You have sharp fingernails.
You have sharp toenails.


Message History

The jackal skeleton barely misses you. The orc priest hits you with a flail.
* * * LOW HITPOINT WARNING * * *
The orc priest hits you but does no damage.
The jackal skeleton bites you.
* * * LOW HITPOINT WARNING * * *
You hit the orc priest but do no damage.
The orc priest is severely wounded.
You hit the orc priest.
You kill the orc priest!
Lugonu accepts your kill.
You hit the jackal skeleton.
You destroy the jackal skeleton!
Lugonu accepts your kill. The orc priest hits you with a flail.
* * * LOW HITPOINT WARNING * * *
You hit the orc priest but do no damage.
You claw the orc priest, but do no damage.
The orc priest is severely wounded.
The orc priest hits you with a flail!
You die...

.##..#...##+#....
.###.###'# #+#.
##....'..# ......#..#+##
.....P####PP#### ###
..#............####..###
........................
......##.........)..##
#.....###'#.....@o...#
###.....'_'.#....)......
####.<..#'####..........
.####.....# ##.........
.......#### #.......(.
##.<..## ##......##
##....# #......#
#.....## #.....##
....##.#


You could see an orc priest.

Vanquished Creatures
  An orc priest (D:4)
  An orc wizard (D:4)
  A centaur skeleton (D:4)
  A worker ant (D:4)
  3 gnolls
  4 adders
  2 oozes (D:2)
  3 worms
  2 leopard geckos
  12 orcs
  8 bats
  A giant cockroach (D:3)
  12 goblins
  8 hobgoblins
  9 jackals
  14 kobolds
  2 quokkas (D:3)
  A ball python (D:2)
  5 frilled lizards
  A jackal skeleton (D:4)
  A quokka skeleton (D:4)
  4 rats
96 creatures vanquished.

Notes
Turn   | Place    | Note
-------+----------+-------------------------------------------
     0 | Abyss:1  | drevant the Demonspawn Abyssal Knight began the quest for the Orb.
     0 | Abyss:1  | Reached XP level 1. HP: 18/18 MP: 2/2
     4 | Abyss:2  | Found a corrupted altar of Lugonu.
    56 | Abyss:3  | Noticed a killer bee
   109 | Abyss:3  | Noticed a starcursed mass
   109 | Abyss:3  | Noticed a large abomination
   110 | D:1      | Escaped the Abyss
   216 | D:1      | Reached skill level 1 in Dodging
   434 | D:1      | Gained mutation: You have a pair of small antennae on your head. [demonic ancestry]
   434 | D:1      | Reached XP level 2. HP: 24/24 MP: 3/3
  1014 | D:2      | Reached * piety under Lugonu
  1129 | D:2      | Reached XP level 3. HP: 29/29 MP: 5/5
  1914 | D:3      | Reached XP level 4. HP: 33/35 MP: 6/6
  2365 | D:3      | Reached ** piety under Lugonu
  2632 | D:4      | Found a bloodstained altar of Trog.
  2661 | D:4      | Gained mutation: You have sharp toenails. [demonic ancestry]
  2661 | D:4      | Reached XP level 5. HP: 27/42 MP: 7/7
  3832 | D:4      | Gained mutation: You have sharp fingernails. [demonic ancestry]
  3832 | D:4      | Reached XP level 6. HP: 41/48 MP: 9/9
  3923 | D:4      | Found a burning altar of Makhleb.
  3976 | D:4      | Slain by an orc priest

Vault maps used:
D:1:      roderic_dead_forest
D:2:      cheibrodos_old_hovel, serial_curves, eino_curves_03, eino_curves_04
D:4:      corexii_shantytown, bloody_trog, overflow_temple_1_default,
          kennysheep_mini
Abyss:3:  minivault_22, grunt_abyss_rune_wretched_hive,
          serial_sigils_hangedman_gut

Skill      XL: |  1  2  3  4  5 |
---------------+----------------+-----
Dodging        | 1 |  1.3
Axes           | 2 3 4 |  4.2
Armour         | 2 |  2.1
Invocations    | 3 4 |  4.5
Fighting       | 4 |  4.1

Action                   |  1- 3 |  4- 6 || total
-------------------------+-------+-------++-------
Melee: Hand axe          |   118 |   164 ||   282
       Kick              |       |    28 ||    28
Throw: Stone             |       |    10 ||    10
Invok: Depart the Abyss  |     1 |       ||     1
  Use: Potion            |       |     4 ||     4
  Eat: Chunk             |     3 |     7 ||    10
Armor: Leather armour    |    28 |       ||    28
       Ring mail         |    18 |    68 ||    86
Dodge: Dodged            |    92 |    93 ||   185

Table legend:
 A = Spawn XP
 B = Non-spawn XP
 C = Spawn XP percentage of total XP
 D = Spawn monster count
 E = Non-spawn monster count
 F = Spawn count percentage of total count
 G = Total turns spent on level
                    A         B        C        D         E        F      G
               +---------+---------+-------+---------+---------+-------+---------
         Total |       0 |     428 |   0.0 |       0 |      96 |   0.0 |  3976
               +---------+---------+-------+---------+---------+-------+---------
           D:1 |       0 |      18 |   0.0 |       0 |      11 |   0.0 |   661
           D:2 |       0 |      53 |   0.0 |       0 |      21 |   0.0 |   821
           D:3 |       0 |     112 |   0.0 |       0 |      35 |   0.0 |  1135
           D:4 |       0 |     245 |   0.0 |       0 |      29 |   0.0 |  1249
               +---------+---------+-------+---------+---------+-------+---------
